 Dungeon Crawl Stone Soup version 0.20.0-7-g3b7b877 (webtiles) character file.

107 Inarius the Stinger (level 4, -9/35 HPs)
             Began as a Draconian Venom Mage on May 29, 2017.
             Mangled by Sigmund
             ... wielding a +0 scythe
              (11 damage)
             ... on level 2 of the Dungeon.
             The game lasted 00:07:57 (2715 turns).

Inarius the Stinger (Draconian Venom Mage)          Turns: 2715, Time: 00:07:58

Health: -9/35      AC:  5    Str: 11    XL:     4   Next: 56%
Magic:  2/7        EV: 12    Int: 20    God:
Gold:   85         SH:  0    Dex: 11    Spells: 0/7 levels left

rFire    . . .     SeeInvis .   e - +0 dagger
rCold    . . .     Gourm    .   (no shield)
rNeg     . . .     Faith    +   (armour unavailable)
rPois    .         Spirit   .   (helmet restricted)
rElec    .         Reflect  .   (no cloak)
rCorr    .         Harm     .   (no gloves)
MR       .....                  (no boots)
Stlth    ++........             h - amulet of faith
Regen    0.2/turn               c - +4 ring of intelligence
MPRegen  0.1/turn               (no ring)

@: no status effects
A: unfitting armour, cold-blooded, AC +5
a: no special abilities


You were on level 2 of the Dungeon.
You were very hungry.

You visited 1 branch of the dungeon, and saw 2 of its levels.

You collected 85 gold pieces.

Inventory:

Hand Weapons
 e - a +0 dagger (weapon)
Jewellery
 c - a +4 ring of intelligence (left hand)
 h - an amulet of faith (around neck)
Scrolls
 g - a scroll of remove curse
 i - a scroll of immolation {unknown}
 j - a scroll of blinking {unknown}
 l - a scroll of enchant armour {unknown}
 m - a scroll of enchant weapon {unknown}
Potions
 d - a potion of flight
 k - 3 potions of curing {unknown}
 n - a potion of brilliance {unknown}
Books
 a - a Young Poisoner's Handbook

   Spells                             Type                      Level
   a - Sting                          Conjuration/Poison           1
   b - Poisonous Vapours              Poison/Air                   2
   c - Mephitic Cloud                 Conjuration/Poison/Air       3
   d - Olgreb's Toxic Radiance        Poison                       4
   e - Venom Bolt                     Conjuration/Poison           5
Comestibles
 b - 2 bread rations
 f - a royal jelly


   Skills:
 + Level 1.0 Fighting
 - Level 0.6 Short Blades
 * Level 2.1 Dodging
 - Level 1.8 Stealth
 - Level 0.2 Unarmed Combat
 + Level 2.3 Spellcasting
 * Level 1.7 Conjurations
 + Level 0.6 Air Magic
 + Level 4.2 Poison Magic


You couldn't memorise any spells.
You knew the following spells:

 Your Spells              Type           Power        Failure   Level  Hunger
a - Sting                 Conj/Pois      ##..         4%          1    #......
b - Poisonous Vapours     Pois/Air       ##....       9%          2    ##.....
c - Olgreb's Toxic Radia  Pois           ###.....     26%         4    #####..


Dungeon Overview and Level Annotations

Branches:
Dungeon (2/15)

Altars:
Ashenzari

Annotations:
D:2 Sigmund


Innate Abilities, Weirdness & Mutations

Your plain brown scales are hard. (AC +5)
You cannot fit into any form of body armour.
You are cold-blooded and may be slowed by cold attacks.


Message History

Sigmund is engulfed in poison gas.
Sigmund looks even sicker.
Sigmund gestures at you while chanting. You resist with some effort.
Casting: Poisonous Vapours
Confirm with . or Enter, or press ? or * to list all spells.
Aiming: Poisonous Vapours
Press: ? - help, Dir - move target cursor, f/p - Sigmund
Aim: Sigmund, wielding a scythe and wearing a runed robe (moderately wounded, poisoned) Poisonous vapours surround Sigmund!
Sigmund is engulfed in poison gas.
Sigmund looks even sicker.
Sigmund casts a spell.
Sigmund flickers and vanishes!
Something hits you!
You barely miss something. Something hits you!
You miss something. You closely miss something. Something hits you!
* * * LOW HITPOINT WARNING * * *
You barely miss something. Something hits you!
You die...

......##....#....#####.#.# ##
#####.##.......#....##.#.#
...
......##....#..#.##.##.#.##.#
########....#....# ....#....#
#................############
#.....########.#.##....#....#
#....## #.#{##.##.#.##.#
#....# #.#....##.#.# ....##
##.#@#####.#.#
#############...<# #.# #
.................#####.# ###
.######.......#####....# ..#
.# ###..........##.#### #.#
.# #.........#####.#
###.##### .# #.#.......# #.#
#.#.....# .# #.........# #.#
#.#..... .# ######....##
#.#####.#..####


There were no monsters in sight!

Vanquished Creatures
  Jessica (D:2)
  3 adders (D:2)
  2 worms (D:2)
  3 dart slugs
  A ball python (D:2)
  2 goblins (D:1)
  7 hobgoblins
  4 jackals (D:1)
  A quokka (D:2)
  5 bats
  6 frilled lizards
  3 kobolds (D:1)
  5 rats
43 creatures vanquished.

Notes
Turn   | Place    | Note
-------+----------+-------------------------------------------
     0 | D:1      | Inarius the Draconian Venom Mage began the quest for the Orb.
     0 | D:1      | Reached XP level 1. HP: 14/14 MP: 3/3
    37 | D:1      | Found a shattered altar of Ashenzari.
   361 | D:1      | Reached XP level 2. HP: 20/20 MP: 1/5
   375 | D:1      | Learned a level 2 spell: Poisonous Vapours
   984 | D:1      | Reached XP level 3. HP: 26/26 MP: 3/6
  1535 | D:2      | Noticed Jessica
  1724 | D:2      | Killed Jessica
  1724 | D:2      | Reached skill level 4 in Poison Magic
  1724 | D:2      | Reached XP level 4. HP: 34/34 MP: 0/7
  2152 | D:2      | Reached skill level 1 in Fighting
  2485 | D:2      | Learned a level 4 spell: Olgreb's Toxic Radiance
  2508 | D:2      | Noticed Sigmund
  2715 | D:2      | Mangled by Sigmund

Skill      XL: |  1  2  3  4 |
---------------+-------------+-----
Dodging        | 2 |  2.1
Poison Magic   | 4 |  4.2
Fighting       | 1 |  1.0
Short Blades   | |  0.6
Stealth        | |  1.8
Unarmed Combat | |  0.2
Spellcasting   | |  2.3
Conjurations   | |  1.7
Air Magic      | |  0.6

Action                   |  1- 3 |  4- 6 || total
-------------------------+-------+-------++-------
Melee: Unarmed           |    21 |       ||    21
       Dagger            |    66 |    17 ||    83
       Tailslap          |    12 |     1 ||    13
 Cast: Sting             |    33 |    14 ||    47
       Poisonous Vapours |    11 |    13 ||    24
  Use: Scroll            |     5 |     1 ||     6
  Eat: Chunk             |     4 |     3 ||     7
Armor: Skin              |    18 |     5 ||    23
Dodge: Dodged            |    55 |     8 ||    63
